 Dungeon Crawl Stone Soup version 0.29.1-15-g9cfb28693d (webtiles) character file.

Game seed: 7794197971361032116

1 hawla the Firebug (level 1, -3/14 HPs)
             Began as a Meteoran Fire Elementalist on Apr 25, 2023.
             Slain by a quokka (4 damage)
             ... on level 1 of the Dungeon.
             The game lasted 00:00:37 (160 turns).

hawla the Firebug (Meteoran Fire Elementalist)       Turns: 160, Time: 00:00:37

Health: -3/14      AC:  2    Str:  9    XL:     1   Next: 28%
Magic:  5/5        EV: 12    Int: 16    God:
Gold:   24         SH:  0    Dex: 14    Spells: 4/5 levels left

rFire   . . .      SeeInvis .   (no weapon)
rCold   . . .      Faith    .   (no shield)
rNeg    . . .      Spirit   .   a - +0 robe
rPois   .          Reflect  .   (no helmet)
rElec   .          Harm     .   (no cloak)
rCorr   .          Rampage  .   (no gloves)
Will    .....                   (no boots)
Stlth   +.........              (no amulet)
HPRegen 0.04/turn               (no ring)
MPRegen 0.09/turn               (no ring)

@: flying, glowing
A: sense surroundings 1, otherworldly, glowing, explore regen
a: no special abilities


You were on level 1 of the Dungeon.
You visited 1 branch of the dungeon, and saw 1 of its levels.

You collected 24 gold pieces.

Inventory:

Armour
 a - a +0 robe (worn)
Jewellery
 e - a ring of wizardry
Scrolls
 d - a scroll of vulnerability {unknown}


   Skills:
 + Level 2.4 Dodging
 - Level 1.4 Stealth
 + Level 2.6 Spellcasting
 + Level 1.2 Conjurations
 + Level 3.7 Fire Magic


You had 4 spell levels left.
You knew the following spells:

 Your Spells              Type           Power      Damage    Failure   Level
a - Foxfire               Conj/Fire      40%        2x1d6     7%          1

Your spell library contained the following spells:

 Spells                   Type           Power      Damage    Failure   Level
 Scorch                   Fire           28%        2d6       6%          2
 Conjure Flame            Conj/Fire      10%        6-21      22%         3
 Inner Flame              Hex/Fire       8%         N/A       26%         3
 Flame Wave               Conj/Fire      10%        2d6       56%         4


Dungeon Overview and Level Annotations

Branches:
Dungeon (1/15) Zot: 439

Altars:


Innate Abilities, Weirdness & Mutations

You passively map a small area around you.
You are easily found by Zot.
You glow in the dark.
You regain HP and MP as you explore.


Message History

You now have 24 gold pieces (gained 11).
Magic restored.
e - a ring of wizardry You see here 5 datura-tipped darts.
A quokka comes into view.
A giant cockroach comes into view.
Found 2 blue potions.
The quokka barely misses you.
You miss the quokka. The quokka bites you. x2
You hit the quokka.
The quokka is lightly wounded.
The quokka bites you.
You hit the quokka but do no damage.
The quokka is lightly wounded.
The quokka bites you but does no damage.
A frilled lizard and a hobgoblin come into view.
The quokka bites you.
* * * LOW HITPOINT WARNING * * *
The hobgoblin shouts!
The frilled lizard misses you.
Casting: Foxfire (safe; 7% risk of failure)
Confirm with . or Enter, or press ? or * to list all spells.
You conjure some foxfire!
The quokka completely misses you. The frilled lizard closely misses you.
You hit the quokka.
The quokka is moderately wounded.
The foxfire hits the quokka but does no damage.
The quokka is moderately wounded.
The foxfire hits the quokka.
The quokka is almost dead.
The quokka bites you.
* * * LOW HITPOINT WARNING * * *
The frilled lizard barely misses you. Magic courses through your body.
The quokka bites you but does no damage.
The frilled lizard closely misses you.
Unknown command.
It was a potion of flight.
You feel very buoyant.
You fly up into the air.
The quokka bites you.
You die...

# #.# ,** , ## #.##.# *
.# * #.##.# ,
.####.#######.##.# , ,,
, ...ยง....... ...... *
, * .####.#.#.# #B##.# *
.# #.#.#.# #.##.#
.####.#.#.###.##.#####.#
, *
......#....#.#Br@.g.....
............###l########
######.....#.#.## *
######..#.......
........#######.#
#######.# **,# #.# * ,,,
* #.# * * #.#* ,*


You could see a quokka, a giant cockroach, a hobgoblin and a frilled lizard.

Vanquished Creatures
  An endoplasm (D:1)
1 creature vanquished.

Vanquished Creatures (others)
  5 foxfires (D:1)
5 creatures vanquished.

Grand Total: 6 creatures vanquished

Notes
Turn   | Place    | Note
-------+----------+-------------------------------------------
     0 | D:1      | hawla the Meteoran Fire Elementalist began the quest for
                  | the Orb.
     0 | D:1      | Reached XP level 1. HP: 14/14 MP: 5/5
   160 | D:1      | Slain by a quokka

Illustrated notes

Levels and vault maps discovered:
D:1:      nzn_arrival_depleted_hourglass, layout_loops_ring

Action                   || total
-------------------------++-------
Melee: Unarmed           ||     4
 Cast: Foxfire           ||     3
  Use: Potion            ||     2
Armor: Robe              ||     2
Dodge: Dodged            ||     6
